 Dungeon Crawl Stone Soup version 0.26.1-11-gd32895ea62 (webtiles) character file.

Game seed: 8003799396242228482

1367 Zeld the Conjurer (level 8, -11/66 HPs)
             Began as a Yellow Draconian Conjurer on Sept 9, 2021.
             Mangled by Duvessa
             ... wielding a +0 short sword
              (13 damage)
             ... on level 4 of the Dungeon.
             The game lasted 00:11:12 (6733 turns).

Zeld the Conjurer (Yellow Draconian Conjurer)       Turns: 6733, Time: 00:11:14

Health: -11/66     AC:  6    Str:  9    XL:     8   Next: 38%
Magic:  2/16       EV: 13    Int: 21    God:
Gold:   199        SH:  4    Dex: 10    Spells: 3/17 levels left

rFire    + . .     SeeInvis .   (no weapon)
rCold    + . .     Faith    .   n - +0 buckler
rNeg     . . .     Spirit   .   (armour unavailable)
rPois    .         Reflect  .   (helmet restricted)
rElec    .         Harm     .   o - scarf {rC+ rF+}
rCorr    +         Rampage  .   (no gloves)
Will     .....                  (no boots)
Stlth    ++........             (no amulet)
HPRegen  0.21/turn              (no ring)
MPRegen  0.15/turn              (no ring)

@: no status effects
A: spit acid, unfitting armour, cold-blooded, acid resistance, AC +6
a: Breathe Acid


You were on level 4 of the Dungeon.
You visited 1 branch of the dungeon, and saw 4 of its levels.
You also visited: Sewer.

You collected 199 gold pieces.

Inventory:

Armour
 n - a +0 buckler (worn)
 o - a scarf of resistance (worn)
Scrolls
 a - a scroll of amnesia {unknown}
 b - a scroll of blinking {unknown}
 c - 3 scrolls of identify {unknown}
 g - 2 scrolls of remove curse {unknown}
 l - a scroll of random uselessness {unknown}
 p - a scroll of teleportation {unknown}
 q - a scroll of immolation {unknown}
 u - a scroll of magic mapping {unknown}
Potions
 d - a potion of brilliance {unknown}
 e - 2 potions of berserk rage {unknown}
 f - a potion of heal wounds {unknown}
 h - a potion of curing {unknown}
 i - 3 potions of degeneration {unknown}
 j - 2 potions of invisibility {unknown}
 k - 2 potions of mutation {unknown}
 m - 2 potions of lignification {unknown}
 r - 2 potions of might {unknown}
 s - a potion of attraction {unknown}
 t - a potion of experience {unknown}


   Skills:
 + Level 4.0 Fighting
 + Level 3.8 Dodging
 + Level 4.0 Stealth
 - Level 4.0 Shields
 * Level 5.4 Spellcasting
 + Level 5.4 Conjurations


You had 3 spell levels left.
You knew the following spells:

 Your Spells              Type           Power        Failure   Level
a - Magic Dart            Conj           100%         1%          1
b - Searing Ray           Conj           56%          1%          2
c - Fulminant Prism       Conj/Hex       8%           32%         4
d - Iskenderun's Mystic   Conj/Tloc      17%          32%         4
p - Dazzling Flash        Conj/Hex       34%          10%         3

Your spell library contained the following spells:

 Spells                   Type           Power        Failure   Level


Dungeon Overview and Level Annotations

Branches:
Dungeon (4/15)              Sewer (visited)
 Temple: D:4-7

Altars:
Dithmenos
Yredelemnul

Annotations:
D:4 Duvessa


Innate Abilities, Weirdness & Mutations

You can spit globs of acid.
Your golden yellow scales are hard. (AC +6)
You cannot fit into any form of body armour.
You are cold-blooded and may be slowed by cold attacks.
You are resistant to acid. (rCorr)


Message History

Duvessa is heavily wounded. (Press . to maintain the ray.) Duvessa hits you but does no damage.
The searing ray misses Duvessa.
The searing ray hits the orc wizard!
The orc wizard is heavily wounded.
Duvessa hits you with a +0 short sword!
* * * LOW HITPOINT WARNING * * *
Duvessa hits you with a +0 short sword.
* * * LOW HITPOINT WARNING * * *
The searing ray hits Duvessa.
Duvessa is severely wounded.
The searing ray hits the orc wizard!
You kill the orc wizard!
Duvessa hits you with a +0 short sword.
* * * LOW HITPOINT WARNING * * *
Your Fighting skill increases to level 4!
The searing ray hits Duvessa.
Duvessa is severely wounded.
You finish channeling your searing ray.
Duvessa hits you with a +0 short sword!
You die...

.........#.#######.#
#.#.######
.........#.#######.# #.#.#
.........#.......#.# #.#.#
.........#######.#.#####.#.#
.........# #.#.......#.#
#.######### #.# #.#######.
#@e))..... #########.


You could see Duvessa (berserk).

Vanquished Creatures
  Pikel (D:3)
  An orc warrior (D:4)
  The ghost of Gaust the Grasshopper, an amateur DsWr (D:3)
  3 lemures (D:4)
  2 bullfrogs (Sewer)
  Dowan (D:4)
  A bullfrog zombie (D:3)
  2 hounds (D:4)
  An orc priest (D:3)
  4 orc wizards
  3 worker ants (D:4)
  4 gnolls (D:3)
  6 adders
  An ooze (D:2)
  An adder skeleton (D:4)
  3 worms
  A dart slug (D:2)
  5 leopard geckos
  10 orcs
  6 ball pythons
  9 giant cockroaches
  9 goblins
  5 hobgoblins
  6 jackals (D:2)
  14 kobolds
  7 bats
  7 frilled lizards
  A leopard gecko skeleton (D:4)
  A quokka skeleton (D:4)
  8 rats
124 creatures vanquished.

Vanquished Creatures (others)
  A fulminant prism (D:4)
  2 withered plants (D:3)
3 creatures vanquished.

Grand Total: 127 creatures vanquished

Notes
Turn   | Place    | Note
-------+----------+-------------------------------------------
     0 | D:1      | Zeld the Draconian Conjurer began the quest for the Orb.
     0 | D:1      | Reached XP level 1. HP: 14/14 MP: 3/3
   200 | D:1      | Reached XP level 2. HP: 15/22 MP: 0/5
   203 | D:1      | Learned a level 2 spell: Searing Ray
   653 | D:1      | Reached skill level 1 in Fighting
   960 | D:1      | Reached XP level 3. HP: 28/28 MP: 3/6
   964 | D:1      | Learned a level 3 spell: Dazzling Flash
  1926 | D:2      | Reached XP level 4. HP: 35/35 MP: 2/8
  2332 | D:3      | Found a runed translucent door.
  2337 | D:3      | Reached skill level 1 in Shields
  2460 | D:3      | Reached XP level 5. HP: 41/41 MP: 4/9
  3252 | D:3      | Reached XP level 6. HP: 48/48 MP: 7/11
  3257 | D:3      | Learned a level 4 spell: Fulminant Prism
  3498 | D:3      | Found a shadowy altar of Dithmenos.
  3583 | D:3      | Found a basalt altar of Yredelemnul.
  4013 | D:3      | Noticed Gaust's ghost (amateur DsWr)
  4228 | D:3      | Killed Gaust's ghost
  4423 | D:4      | Found a glowing drain.
  4628 | Sewer    | Entered a sewer
  5093 | Sewer    | Your scales start taking on a golden yellow colour.
  5093 | Sewer    | Reached XP level 7. HP: 56/56 MP: 8/13
  5093 | Sewer    | Gained mutation: You are resistant to acid. (rCorr) [Yellow
                  | Draconian growth]
  5348 | D:4      | Noticed Pikel
  5456 | D:3      | Killed Pikel
  5457 | D:3      | Reached skill level 5 in Conjurations
  5457 | D:3      | Reached XP level 8. HP: 16/63 MP: 1/15
  5464 | D:3      | Learned a level 4 spell: Iskenderun's Mystic Blast
  5896 | D:4      | Reached skill level 5 in Spellcasting
  6713 | D:4      | Noticed Dowan
  6721 | D:4      | Noticed Duvessa
  6726 | D:4      | Killed Dowan
  6732 | D:4      | HP: 2/66 [Duvessa/+0 short sword (2)]
  6733 | D:4      | Mangled by Duvessa

Illustrated notes

Levels and vault maps discovered:
D:1:      lemuel_arrival_cross, layout_rooms, st_stairs_11,
          minmay_splitting_lines
D:2:      layout_basic
D:3:      layout_basic, general_overflow_altar, old_standard_altar,
          gammafunk_ghost_grave
D:4:      layout_basic, cheibrodos_sewer_entry_bend, uniq_duvessa, uniq_pikel

Skill      XL: |  1  2  3  4  5  6  7  8 |
---------------+-------------------------+-----
Stealth        | 2 3 4 |  4.0
Dodging        | 2 3 |  3.8
Fighting       | 1 2 3 4 |  4.0
Shields        | 1 2 4 |  4.0
Spellcasting   | 3 4 5 |  5.4
Conjurations   | 5 |  5.4

Action                   |  1- 3 |  4- 6 |  7- 9 || total
-------------------------+-------+-------+-------++-------
Melee: Unarmed           |    53 |     1 |    24 ||    78
       Tailslap          |     2 |       |     3 ||     5
 Cast: Magic Dart        |    86 |    88 |    33 ||   207
       Searing Ray       |     2 |    16 |    11 ||    29
       Fulminant Prism   |       |       |     1 ||     1
 Abil: Breathe Acid      |       |       |     3 ||     3
Armor: Skin              |    35 |    21 |     8 ||    64
Dodge: Dodged            |    52 |    33 |    33 ||   118
Block: Buckler           |       |     9 |    13 ||    22
